 Dungeon Crawl Stone Soup version 0.18-a0-867-gfd1cc8f (webtiles) character file.

44 Raultor the Insei (level 3, 16/33 HPs)
             Began as a Draconian Monk on Dec 21, 2015.
             Quit the game on level 2 of the Dungeon.
             The game lasted 00:02:53 (1263 turns).

Raultor the Insei (Draconian Monk)                  Turns: 1263, Time: 00:02:53

Health: 16/33      AC:  5    Str: 13    XL:     3   Next: 41%
Magic:  3/3        EV: 13    Int: 10    God:
Gold:   140        SH:  0    Dex: 14    Spells: 0 memorised, 2 levels left

rFire  . . .     SeeInvis .       - Unarmed
rCold  . . .     Gourm    .     (armour unavailable)
rNeg   . . .     Faith    .     (no shield)
rPois  +         Spirit   .     (helmet restricted)
rElec  .         Dismiss  .     (no cloak)
rCorr  .         Reflect  .     (no gloves)
SustAt .         Harm     .     (no boots)
MR     .....                    (no amulet)
Stlth  ..........               (no ring)
                                g - ring of loudness (curse) {Stlth-}

@: confused, not resistant to hostile enchantments, extremely unstealthy
A: unfitting armour, blurry vision 1, deterioration 1, poison resistance,
cold-blooded, AC +5
a: no special abilities


You were on level 2 of the Dungeon.
You were not hungry.

You visited 1 branch of the dungeon, and saw 2 of its levels.

You collected 140 gold pieces.

Inventory:

Jewellery
 g - a cursed ring of loudness (left hand) {Stlth-}
   (You found it on level 1 of the Dungeon)
Scrolls
 d - a scroll of identify {unknown}
Potions
 b - a potion of curing {unknown}
Comestibles
 a - 3 bread rations {@e1}
 f - a meat ration {@e2}


   Skills:
 + Level 3.7 Fighting
 + Level 3.0 Dodging
 - Level 1.7 Stealth
 * Level 4.7 Unarmed Combat


You had 2 spell levels left.
You didn't know any spells.

Dungeon Overview and Level Annotations

Branches:
Dungeon (2/15)

Altars:
Fedhas
Vehumet

Annotations:
D:2 Jessica


Innate Abilities, Weirdness & Mutations

Your plain brown scales are hard (AC +5).
Your body does not fit into most forms of armour.
You are cold-blooded and may be slowed by cold attacks.
Scrolls take you a little longer to read.
Your body sometimes deteriorates upon taking damage.
Your system is resistant to poisons.


Message History

The bat barely misses you. x2
You bump into the rock wall.
The bat hits you but does no damage.
The giant cockroach bites you but does no damage.
You bump into the rock wall.
The bat hits you. The bat closely misses you.
The giant cockroach closely misses you.
Jessica gestures wildly while chanting.
Jessica blinks!
The giant cockroach completely misses you.
You miss the giant cockroach. The bat hits you but does no damage.
The bat closely misses you. The giant cockroach closely misses you.
You barely miss the giant cockroach. The bat closely misses you.
The bat misses you. The giant cockroach barely misses you.
You're too confused to move!
The bat hits you but does no damage. The bat closely misses you.
Jessica shouts, "You're disturbing me!
I'll have to kill you!"
The giant cockroach bites you but does no damage.
You bump into the rock wall.
The bat barely misses you. The bat misses you.
The giant cockroach bites you but does no damage.
You miss the giant cockroach. You tail-slap the giant cockroach.
You kill the giant cockroach!
The bat misses you. x2
You bump into the rock wall.
The bat hits you. The bat hits you but does no damage.
You take 1 damage, and have 30/33 hp.
You hit the bat.
You kill the bat!
Jessica zaps a wand.
You resist with significant effort.
You bump into the rock wall.
Jessica zaps a wand.
You are more confused.
You barely miss Jessica. Jessica barely misses you.
You bump into the rock wall.
Jessica hits you but does no damage. Jessica casts a spell at you.
Pain shoots through your body!
You take 11 damage, and have 20/33 hp.
MASSIVE DAMAGE!!
You're too confused to move!
Jessica casts a spell at you. You resist with significant effort.
You hit Jessica but do no damage.
Jessica mumbles some strange words.
Jessica blinks!
Jessica mumbles some strange words.
Jessica blinks!
You bump into the rock wall.
Unknown command.
You bump into the rock wall.
You bump into the rock wall.
You bump into the rock wall.
Jessica zaps a wand.
You resist with significant effort.
You bump into the rock wall.
Jessica casts a spell.
Jessica blinks!
You bump into the rock wall.
You bump into the rock wall.
Jessica zaps a wand.
You are more confused.
Jessica casts a spell.
Jessica seems to speed up.
A hobgoblin comes into view. It is wielding a whip.
The hobgoblin shouts!
You're too confused to move!
Jessica hits you but does no damage.
Jessica zaps a wand.
You resist with significant effort.
Jessica casts a spell.
Jessica blinks!
You're too confused to move!
The hobgoblin closely misses you.
Jessica zaps a wand.
You are more confused.
The hobgoblin barely misses you.
Jessica zaps a wand.
You are more confused.
Jessica gestures wildly while chanting.
Jessica blinks!
The hobgoblin misses you.
Jessica casts a spell.
Jessica blinks!
You bump into the rock wall.
The hobgoblin hits you but does no damage.
You hit the hobgoblin. The hobgoblin barely misses you.
You bump into the rock wall.
The hobgoblin barely misses you.
You bump into the rock wall.
Jessica gestures wildly while chanting.
Jessica blinks!
The hobgoblin barely misses you.
You bump into the rock wall.
The hobgoblin barely misses you.
You bump into the rock wall.
The hobgoblin closely misses you.
You bump into the rock wall.
The hobgoblin barely misses you.
You bump into the rock wall.
The hobgoblin closely misses you.
You bump into the rock wall.
The hobgoblin hits you with a whip!
You take 7 damage, and have 16/33 hp.
MASSIVE DAMAGE!!
Drink which item? (? for menu, Esc to quit)
It was a potion of mutation.
You feel extremely strange.
You feel yourself wasting away.
Your vision blurs.
You feel resistant to poisons.
Jessica mumbles some strange words.
Jessica blinks!
The hobgoblin barely misses you.

#.# #..####...# #.#
#........## #.#
##..###...### #.#
#...........#
#.####.........#.#
#.......P.P.ยง.@#.#
#........_...#g#.#
#.......P.P..#@#.#
#............#.#..
#......#.##..#.#.@.
#......#.##..#.#....
#.####.#.##..#.#.....
#.# #.#.##..#.#......
#.####.#.##..#.#.......
#............#.#


You could see Jessica and a hobgoblin.

Vanquished Creatures
  2 adders
  An ooze (D:1)
  3 bats
  4 giant cockroaches
  A hobgoblin (D:1)
  4 kobolds (D:1)
  A giant newt (D:2)
  4 goblins (D:1)
  5 rats
  A fungus (D:2)
26 creatures vanquished.

Notes
Turn   | Place    | Note
--------------------------------------------------------------
     0 | D:1      | Raultor the Draconian Monk began the quest for the Orb.
     0 | D:1      | Reached XP level 1. HP: 19/19 MP: 1/1
    24 | D:1      | HP: 4/19 [bat (1)]
   388 | D:1      | Reached XP level 2. HP: 24/26 MP: 2/2
   816 | D:1      | Reached XP level 3. HP: 27/31 MP: 3/3
   820 | D:1      | Reached skill level 3 in Dodging
   884 | D:2      | Found a radiant altar of Vehumet.
  1165 | D:2      | Found a blossoming altar of Fedhas.
  1191 | D:2      | Noticed Jessica
  1262 | D:2      | Gained mutation: Your body sometimes deteriorates upon taking damage. [potion of mutation]
  1262 | D:2      | Gained mutation: Scrolls take you a little longer to read. [potion of mutation]
  1262 | D:2      | Gained mutation: Your system is resistant to poisons. [potion of mutation]
  1263 | D:2      | Quit the game

Vault maps used:
D:1:      onia_arrival_pyramid
D:2:      vehumet_crystals, fedhas_altar_1, minmay_gold_behind_fungi,
          grunt_decor_mini_mirrors, minmay_splitting_lines, okawaru_gym_becter,
          uniq_jessica

Action                   || total
-------------------------++-------
Melee: Unarmed           ||   104
  Use: Potion            ||     1
  Eat: Chunk             ||     1

Vault maps used:
D:1:      onia_arrival_pyramid
D:2:      vehumet_crystals, fedhas_altar_1, minmay_gold_behind_fungi,
          grunt_decor_mini_mirrors, minmay_splitting_lines, okawaru_gym_becter,
          uniq_jessica

Table legend:
 A = Turns spent in this place as a percentage of turns spent in the entire game.
 B = Non-inter-level travel turns spent in this place as a percentage of non-inter-level travel turns spent in the entire game.
 C = Inter-level travel turns spent in this place as a percentage of turns spent in this place.
 D = Turns resting spent in this place as a percentage of non-inter-level travel turns spent in this place.
 E = Turns spent auto-exploring this place as a percentage of non-inter-level travel turns spent in this place.
 F = Non-inter-level travel turns spent in this place divided by the number of levels of this place that you've seen.
                   A       B       C       D       E      F
               +-------+-------+-------+-------+-------+----------------------
         Total | 100.0 | 100.0 |   0.4 |   2.5 |   8.8 | 142.0
       Dungeon | 100.0 | 100.0 |   0.4 |   2.5 |   8.8 | 142.0
               +-------+-------+-------+-------+-------+----------------------

Table legend:
 A = Kills in this place as a percentage of kills in entire the game.
 B = Kills by you in this place as a percentage of kills by you in the entire game.
 C = Kills by friends in this place as a percentage of kills by friends in the entire game.
 D = Other kills in this place as a percentage of other kills in the entire game.
 E = Experience gained in this place as a percentage of experience gained in the entire game.
 F = Experience gained in this place divided by the number of levels of this place that you have seen.
                   A       B       C       D       E      F
               +-------+-------+-------+-------+-------+----------------------
         Total | 100.0 | 100.0 |  -nan |  -nan | 100.0 |  32.0
       Dungeon | 100.0 | 100.0 |  -nan |  -nan | 100.0 |  32.0
               +-------+-------+-------+-------+-------+----------------------
